 Dungeon Crawl Stone Soup version 0.30.0-13-g156ef70053 (webtiles) character file.

Game seed: 10381596643737046739

3847 meatpath the Fighter (level 10, -9/67 HPs)
             Began as a Gargoyle Fighter on May 17, 2023.
             Was a Follower of the Shining One.
             Mangled by a red ugly thing (16 damage)
             ... on level 8 of the Dungeon.
             The game lasted 00:16:14 (7289 turns).

meatpath the Fighter (Gargoyle Fighter)             Turns: 7289, Time: 00:16:15

Health: -9/67      AC: 26    Str: 24    XL:     10   Next: 18%
Magic:  10/10      EV:  7    Int:  9    God:    the Shining One [*.....]
Gold:   158        SH:  4    Dex:  9    Spells: 9/9 levels left

rFire   . . .        a - +0 flail
rCold   . . .        c - +0 buckler
rNeg    + . .        E - +0 plate armour
rPois   ∞            f - +0 hat
rElec   +            m - +3 cloak of the Garden {Rampage}
rCorr   .            (no gloves)
SInv    .            H - +0 pair of boots
Will    .....        (no amulet) Stlth
                     j - +4 ring of slaying
HPRegen 0.31/turn    (no ring)
MPRegen 0.12/turn

%: rampage
@: glowing
A: sickness immunity, AC +7, negative energy resistance 1, electricity
resistance, torment resistance 1, petrification resistance
a: Renounce Religion, Divine Shield


You were on level 8 of the Dungeon.
You worshipped the Shining One.
The Shining One was aware of your devotion.
You visited 2 branches of the dungeon, and saw 9 of its levels.
You also visited: Bailey.

You collected 482 gold pieces.
You spent 324 gold pieces at shops.

Inventory:

Hand Weapons
 a - a +0 flail (weapon)
Armour
 c - a +0 buckler (worn)
 f - a +0 hat (worn)
 m - the +3 cloak of the Garden (worn) {Rampage}
   (You found it on level 2 of the Dungeon)

   Rampage:   It bestows one free step when moving towards enemies.
 E - a +0 plate armour (worn)
 H - a +0 pair of boots (worn)
Jewellery
 j - a +4 ring of slaying (left hand)
 k - a ring of magical power
Wands
 x - a wand of flame (13)
 I - a wand of iceblast (3)
Scrolls
 b - a scroll of vulnerability
 g - 4 scrolls of teleportation
 h - a scroll of amnesia
 o - 3 scrolls of magic mapping
 r - a scroll of poison
 s - a scroll of blinking
 t - 3 scrolls of immolation
 v - a scroll of fog
 y - a scroll of fear
 A - a scroll of enchant armour
 B - a scroll of silence
 C - 2 scrolls of enchant weapon
 F - a scroll of brand weapon
Potions
 d - 2 potions of resistance {unknown}
 e - a potion of curing {unknown}
 i - a potion of invisibility {unknown}
 l - 4 potions of degeneration
 n - 2 potions of berserk rage {unknown}
 p - 3 potions of mutation {unknown}
 q - 4 potions of lignification {unknown}
 u - a potion of attraction {unknown}
 w - a potion of ambrosia {unknown}
 z - a potion of haste {unknown}
 G - 3 potions of might
 J - a potion of cancellation {unknown}


   Skills:
 + Level 9.7 Fighting
 + Level 8.6 Maces & Flails
 + Level 7.7 Armour
 - Level 3.0 Dodging
 - Level 5.1 Shields


You had 9 spell levels left.
You didn't know any spells.
Your spell library contained the following spells:

 Spells                   Type           Power      Damage    Failure   Level
 Magic Dart               Conj           0%         1d3       99%         1
 Call Imp                 Summ           0%         N/A       100%        2
 Inner Flame              Hex/Fire       0%         N/A       100%        3
 Mephitic Cloud           Conj/Pois/Air  0%         N/A       100%        3
 Flame Wave               Conj/Fire      0%         2d4       100%        4
 Manifold Assault         Tloc           0%         N/A       100%        4
 Sticky Flame             Conj/Fire      0%         2d3       100%        4
 Dispersal                Tloc           0%         N/A       100%        6
 Disjunction              Tloc           0%         N/A       100%        8


Dungeon Overview and Level Annotations

Branches:
Dungeon (8/15)             Temple (1/1) D:7            Lair (0/5) D:8
 Bailey (visited)

Altars:
Ashenzari
Cheibriados
Dithmenos
Elyvilon
Fedhas
Kikubaaqudgha
Makhleb
Nemelex Xobeh
Okawaru
Qazlal
Ru
Sif Muna
Trog
Uskayaw
Wu Jian
Xom
The Shining One

Shops:
D:4 *   D:6 [

Annotations:
D:8 3 exclusions


Innate Abilities, Weirdness & Mutations

You are immune to sickness and miasma.
Your stone body is resilient. (AC +7)
You are immune to poison.
You resist negative energy. (rN+)
You are resistant to electric shocks. (rElec)
You are resistant to unholy torment.
You are immune to petrification.


Message History

You sock the red ugly thing!
The red ugly thing is lightly wounded.
The red ugly thing barely misses you.
You sock the red ugly thing!
The red ugly thing is moderately wounded.
The red ugly thing bites you but does no damage.
You barely miss the red ugly thing.
The red ugly thing is moderately wounded.
The red ugly thing bites you!
You are engulfed in flames!
You sock the red ugly thing!
The red ugly thing is heavily wounded.
The red ugly thing bites you.
You are engulfed in flames!
* * * LOW HITPOINT WARNING * * *
You bludgeon the red ugly thing!!
The red ugly thing is severely wounded.
The red ugly thing bites you.
* * * LOW HITPOINT WARNING * * *
You are engulfed in flames!!
The Shining One protects you from harm!
You barely miss the red ugly thing.
The red ugly thing is severely wounded.
The red ugly thing barely misses you.
You hit the red ugly thing.
The red ugly thing is severely wounded.
The red ugly thing completely misses you.
You barely miss the red ugly thing.
The red ugly thing is severely wounded.
You block the red ugly thing's attack.
You sock the red ugly thing!
The red ugly thing is almost dead.
The red ugly thing bites you but does no damage.
You sock the red ugly thing!
The red ugly thing is almost dead.
The red ugly thing bites you but does no damage.
You barely miss the red ugly thing.
The red ugly thing is almost dead.
The red ugly thing bites you!
* * * LOW HITPOINT WARNING * * *
You are engulfed in flames!
You die...

.~#...#~.......<>.....#
.~#.∩.#≈.#######..###.#
.~#)))#~..............##
.~##)##~.#######........
.~≈≈~~≈~................
........................
#.#######...............
#.# ########.####... #.#
#@# ... #.# #u# .... ...
##h####.... #..
#.9......# #..
#........# #...
#........# ##.......#
#.......# #...#####


You could see a red ugly thing, a gargoyle and a wolf.

Vanquished Creatures
  Grinder (D:3)
  A wyvern (D:8)
  2 water moccasins (D:8)
  3 ice beasts
  4 orc warriors (Bailey)
  5 black bears
  3 ogres
  A wolf (D:8)
  A centaur (D:8)
  A kobold brigand (D:8)
  2 bullfrogs (D:7)
  3 scorpions
  7 wights
  5 killer bees (D:7)
  A howler monkey (D:6)
  4 hounds
  3 jellies
  7 orc priests
  2 sleepcaps
  4 iguanas
  2 orc wizards (D:7)
  2 adders (D:2)
  A shadow imp (D:6)
  A white imp (D:7)
  An ufetubus (D:5)
  A worm (D:2)
  2 dart slugs
  16 orcs
  13 ball pythons
  5 bats
  5 endoplasms
  2 giant cockroaches
  11 hobgoblins
  7 jackals (D:1)
  2 quokkas
  3 frilled lizards
  12 goblins
  11 kobolds
  8 rats
165 creatures vanquished.

Notes
Turn   | Place    | Note
-------+----------+-------------------------------------------
     0 | D:1      | meatpath the Gargoyle Fighter began the quest for the Orb.
     0 | D:1      | Reached XP level 1. HP: 14/14 MP: 1/1
   145 | D:1      | Reached XP level 2. HP: 19/19 MP: 2/2
   304 | D:1      | Found a faded altar of an unknown god.
   316 | D:1      | Reached XP level 3. HP: 24/24 MP: 3/3
   620 | D:2      | Identified the +3 cloak of the Garden {Rampage}
   702 | D:2      | Reached skill level 4 in Fighting
   768 | D:2      | Reached XP level 4. HP: 29/29 MP: 4/4
  1496 | D:3      | Noticed Grinder
  1505 | D:3      | Killed Grinder
  1506 | D:3      | Reached skill level 5 in Fighting
  1506 | D:3      | Reached skill level 5 in Shields
  1506 | D:3      | Reached XP level 5. HP: 29/35 MP: 5/5
  1506 | D:3      | Reached XP level 6. HP: 33/40 MP: 6/6
  1771 | D:3      | Found a sacrificial altar of Ru.
  1772 | D:3      | Found a snail-covered altar of Cheibriados.
  1844 | D:3      | Found a shadowy altar of Dithmenos.
  2065 | D:3      | Found a sparkling altar of Nemelex Xobeh.
  2396 | D:4      | Found a blossoming altar of Fedhas.
  2471 | D:4      | Reached skill level 1 in Dodging
  2876 | D:4      | Reached XP level 7. HP: 37/44 MP: 7/7
  3103 | D:4      | Found a stormy altar of Qazlal.
  3256 | D:4      | Found Jotaaf's General Store.
  3262 | D:4      | Bought a scroll of identify for 24 gold pieces
  3262 | D:4      | Bought a scroll of identify for 24 gold pieces
  3490 | D:4      | Reached skill level 6 in Fighting
  3490 | D:4      | Reached skill level 5 in Maces & Flails
  3656 | D:5      | Entered Level 5 of the Dungeon
  3699 | D:5      | Reached XP level 8. HP: 39/52 MP: 8/8
  3955 | D:5      | Identified the +0 dagger "Xaatan" {holy, Contam rCorr Dex+5
                  | Stlth+}
  4258 | D:4      | Bought a +0 plate armour for 276 gold pieces
  4364 | D:6      | Reached skill level 7 in Fighting
  4534 | D:6      | Found Popp's Armour Shop.
  5034 | D:6      | Reached skill level 5 in Armour
  5100 | D:6      | Reached XP level 9. HP: 43/59 MP: 9/9
  5548 | D:7      | Reached skill level 8 in Fighting
  5752 | D:7      | Found a staircase to the Ecumenical Temple.
  5761 | Temple   | Entered the Ecumenical Temple
  5770 | Temple   | Became a worshipper of the Shining One
  6115 | D:7      | Reached * piety under the Shining One
  6646 | D:8      | Noticed a manticore
  6646 | D:8      | Noticed a red ugly thing
  6666 | D:8      | Reached skill level 9 in Fighting
  6716 | D:8      | Found a staircase to the Lair.
  6735 | D:8      | Reached XP level 10. HP: 52/66 MP: 10/10
  6933 | D:8      | Found a flagged portal.
  6955 | Bailey   | Entered a bailey
  7162 | Bailey   | Noticed an orc knight
  7262 | D:8      | Noticed a gargoyle
  7283 | D:8      | The Shining One protects you from harm!
  7289 | D:8      | Mangled by a red ugly thing

Illustrated notes

Levels and vault maps discovered:
D:1:      mushboom_english_gardens, layout_basic,
          hellmonk_ecumenical_altar_arch_garden
D:2:      layout_basic, minmay_pentomino_u2
D:3:      layout_basic, nicolae_dithmenos_shadow_blocks,
          lemuel_coloured_pillars_altar, gammafunk_temple_overflow_statue,
          uniq_grinder
D:4:      layout_loops_corners, mainiacjoe_overflow_six_doors_small,
          amcnicky_altar_gilded, serial_shops, shop
D:5:      layout_basic
D:6:      layout_basic, serial_shops, nicolae_shop_trees
D:7:      layout_loops_cross, minmay_temple_entry_purple_smoke
D:8:      layout_basic, grunt_gozag_breadcrumbs, minmay_lair_entry_grove,
          enter_bailey_3, serial_shops, nicolae_shop_trees, shop, shop, shop,
          shop, minmay_shattered_shrine, uniq_prince_ribbit1
Temple:   cyrus_circular_temple

Skill      XL: |  1  2  3  4  5  6  7  8  9 |
---------------+----------------------------+-----
Fighting       | 4 5 6 7 9 |  9.7
Shields        | 4 5 |  5.1
Maces & Flails | 4 5 6 8 |  8.6
Dodging        | 1 2 3 |  3.0
Armour         | 5 7 |  7.7

Action                     |  1- 3 |  4- 6 |  7- 9 | 10-12 || total
---------------------------+-------+-------+-------+-------++-------
  Melee: Flail             |    81 |   124 |   284 |    72 ||   561
    Use: Scroll            |     1 |     2 |    12 |       ||    15
         Potion            |       |     2 |     1 |       ||     3
 Armour: Scale mail        |    47 |    63 |    54 |       ||   164
         Plate armour      |       |       |   159 |    45 ||   204
  Dodge: Dodged            |    32 |    42 |   120 |    27 ||   221
  Block: Buckler           |    24 |    26 |    68 |    27 ||   145
